 Dungeon Crawl Stone Soup version 0.26-a0-651-gb41185065b (webtiles) character file.

Game seed: 4138496982487145875

352 Irenicus the Digger (level 6, -1/49 HPs)
             Began as a Deep Dwarf Earth Elementalist on Sept 29, 2020.
             Slain by an ice beast (8 damage)
             ... on level 5 of the Dungeon.
             The game lasted 00:14:36 (1971 turns).

Irenicus the Digger (Deep Dwarf Earth Elementalist) Turns: 1971, Time: 00:14:37

Health: -1/49      AC:  5    Str: 11    XL:     6   Next: 34%
Magic:  8/9        EV: 12    Int: 18    God:
Gold:   169        SH:  0    Dex: 13    Spells: 6/9 levels left

rFire    . . .     SeeInvis .   a - +2 dagger (venom)
rCold    . . .     Faith    .   (no shield)
rNeg     . . .     Spirit   .   l - +0 leather armour
rPois    .         Reflect  .   (no helmet)
rElec    .         Harm     .   (no cloak)
rCorr    .         Rampage  .   m - +1 pair of gloves
MR       .....                  (no boots)
Stlth    ++........             (no amulet)
HPRegen  0.00/turn              (no ring)
MPRegen  0.11/turn              (no ring)

@: non-regenerating
A: damage resistance, heal wounds, sense surroundings 1, no regeneration
a: Heal Wounds


You were on level 5 of the Dungeon.
You visited 1 branch of the dungeon, and saw 5 of its levels.

You collected 169 gold pieces.

Inventory:

Hand Weapons
 a - a +2 dagger of venom (weapon)
   (You took it off a goblin on level 1 of the Dungeon)
Missiles
 b - 45 stones (quivered)
Armour
 l - a +0 leather armour (worn)
   (You found it on level 2 of the Dungeon)
 m - a +1 pair of gloves (worn)
   (You found it on level 3 of the Dungeon)
Wands
 p - a wand of paralysis (9)
   (You found it on level 3 of the Dungeon)
Scrolls
 f - a scroll of teleportation {unknown}
 g - 3 scrolls of remove curse
 i - 2 scrolls of enchant armour
 j - a scroll of identify {unknown}
 n - a scroll of immolation {unknown}
 q - a scroll of enchant weapon {unknown}
 r - a scroll of random uselessness {unknown}
Potions
 c - a potion of brilliance {unknown}
 d - 4 potions of curing
 e - a potion of flight {unknown}
 h - 2 potions of stabbing {unknown}
 k - 2 potions of ambrosia {unknown}
 o - a potion of berserk rage {unknown}
 s - 2 potions of haste {unknown}


   Skills:
 - Level 2.1 Short Blades
 - Level 2.4 Dodging
 + Level 3.1 Stealth
 - Level 2.1 Spellcasting
 - Level 0.8 Transmutations
 - Level 6.1 Earth Magic
 - Level 5.1 Evocations


You had 6 spell levels left.
You knew the following spells:

 Your Spells              Type           Power        Failure   Level
a - Sandblast             Erth           ###...       1%          1
w - Passwall              Tmut/Erth      ##......     9%          2

Your spell library contained the following spells:

 Spells                   Type           Power        Failure   Level
 Stone Arrow              Conj/Erth      ##....       21%         3
 Lee's Rapid Deconstruct  Erth           ###.......   45%         5
 Petrify                  Tmut/Erth      ##......     50%         4


Dungeon Overview and Level Annotations

Branches:
Dungeon (5/15)
 Temple: D:4-7

Altars:
Ashenzari


Innate Abilities, Weirdness & Mutations

You are resistant to damage.
You can heal yourself by infusing magical energy.
You passively map a small area around you.
You do not regenerate.


Message History

You finish merging with the rock.
You now have 2/9 mp.
h - 2 fuming yellow potions (gained 1)
A rock wall.
You begin to meditate on the wall.
You continue meditating on the rock. x2
You finish merging with the rock.
You now have 2/9 mp.
A rock wall.
You begin to meditate on the wall.
You continue meditating on the rock. x2
You finish merging with the rock.
An orc comes into view. It is wielding a +0 trident.
You now have 1/9 mp.
An orc wizard comes into view. It is wielding a +0 dagger.
The orc shouts!
An orc comes into view.
Aim: an orc, wielding a +0 trident The blast of sand hits the orc!
You kill the orc!
b - 48 stones You now have 0/9 mp.
Aim: an orc wizard, wielding a +0 dagger and wearing a cursed +0 robe The blast of sand hits the orc wizard!
b - 47 stones You now have 0/9 mp.
You barely miss the orc wizard. The orc wizard casts a spell at you.
The magic dart hits you!
* * * LOW HITPOINT WARNING * * *
You take 10 damage, and have 7/49 hp.
MASSIVE DAMAGE!!
You hit the orc wizard.
The orc wizard is poisoned.
The orc wizard barely misses you.
An orc comes into view. It is wielding a +0 short sword.
The orc shouts!
You kill the orc wizard!
You closely miss the orc. You closely miss the orc.
The orc hits you but does no damage.
Aim: an orc, wielding a +0 short sword The blast of sand misses the orc.
b - 46 stones The orc closely misses you.
The orc misses you.
You now have 0/9 mp.
You hit the orc.
The orc is poisoned.
The orc barely misses you. x2
You hit the orc.
The orc is poisoned.
The orc hits you. The orc misses you. The orc misses you.
You kill the orc!
You kill the orc!
Things that are here:
a +0 leather armour; an orc corpse
Things that are here:
a +0 short sword; an orc corpse
Things that are here:
a +0 trident; an orc corpse
s - 2 glowing cyan potions
Found a dagger.
Found an escape hatch in the ceiling.
A rock wall.
You begin to meditate on the wall.
You continue meditating on the rock. x2
You finish merging with the rock.
You now have 2/9 mp.
A rock wall.
You begin to meditate on the wall.
You continue meditating on the rock. x2
You finish merging with the rock.
You now have 2/9 mp.
You see here a flail.
A rock wall.
You begin to meditate on the wall.
You continue meditating on the rock. x2
You finish merging with the rock.
You now have 1/9 mp.
There is a stone staircase leading down here.
You regained 3 mp, and now have 5/9 mp.
You climb downwards.
A hound comes into view.
There is a stone staircase leading up here.
The helpless hound fails to defend itself.
You impale the hound!!
You kill the hound!
Your Earth Magic skill increases to level 6!
There is a stone staircase leading up here.
d - 4 potions of curing (gained 1)
A rock wall.
You begin to meditate on the wall.
You continue meditating on the rock. x2
You finish merging with the rock.
Found a stone staircase leading up.
You now have 5/9 mp.
You open the door.
There is an open door here.
You open the door.
There is an open door here.
You open the door.
There is an open door here.
MP restored: 9 A frilled lizard comes into view.
An ice beast comes into view.
The frilled lizard hisses angrily.
Aim: an ice beast The blast of sand hits the ice beast but does no damage.
b - 45 stones You now have 8/9 mp.
Aim: an ice beast
Okay, then.
The ice beast hits you. The ice beast freezes you!
You die...

###########
#####.......... .
####...............
#.....####.###.##.#
#.....####.###.##.#.
#........l.Y........ ,
#.....##.###@##.#.# >
####.................#
#......#.##.#.##.#.#.#
#......#.##........# *
#......#....#.#..$...#
,
#......#.##.#...(..#.#,
, ##.......##...#l....
..* ,
#.......##.#.#.#.##.
.#*, #..........#... ..
.. .,,


You could see an ice beast and a frilled lizard.

Vanquished Creatures
  An ogre (D:4)
  2 orc wizards
  A hound (D:5)
  2 worker ants (D:4)
  4 adders
  An ooze (D:4)
  A worm (D:2)
  2 dart slugs
  4 leopard geckos
  10 orcs
  3 giant cockroaches
  9 goblins
  6 hobgoblins
  7 jackals
  7 kobolds
  A quokka (D:3)
  A ball python (D:1)
  2 bats (D:2)
  2 frilled lizards
  4 rats
70 creatures vanquished.

Notes
Turn   | Place    | Note
-------+----------+-------------------------------------------
     0 | D:1      | Irenicus the Deep Dwarf Earth Elementalist began the quest
                  | for the Orb.
     0 | D:1      | Reached XP level 1. HP: 15/15 MP: 3/3
    77 | D:1      | Reached XP level 2. HP: 17/22 MP: 0/4
   152 | D:1      | Reached skill level 2 in Spellcasting
   187 | D:1      | Reached skill level 3 in Stealth
   355 | D:1      | Learned a level 2 spell: Passwall
   367 | D:1      | Reached XP level 3. HP: 17/28 MP: 6/6
   474 | D:2      | Reached skill level 1 in Short Blades
   580 | D:2      | Found a broken altar of Ashenzari.
   795 | D:2      | Reached skill level 2 in Short Blades
   795 | D:2      | Reached XP level 4. HP: 15/36 MP: 5/7
  1012 | D:3      | HP: 6/36 [orc/+0 flail of protection (6)]
  1034 | D:3      | Reached skill level 5 in Earth Magic
  1198 | D:3      | You fall into a shaft and drop 1 floor!
  1455 | D:3      | Reached skill level 1 in Evocations
  1471 | D:3      | Reached skill level 2 in Evocations
  1471 | D:3      | Reached XP level 5. HP: 19/42 MP: 1/8
  1605 | D:4      | Noticed an ogre
  1612 | D:4      | Killed an ogre
  1612 | D:4      | Reached skill level 4 in Evocations
  1659 | D:4      | Reached skill level 5 in Evocations
  1669 | D:4      | Reached XP level 6. HP: 17/49 MP: 5/9
  1788 | D:4      | HP: 7/49 [orc wizard/magic dart (10)]
  1896 | D:5      | Entered Level 5 of the Dungeon
  1899 | D:5      | Reached skill level 6 in Earth Magic
  1949 | D:5      | Irenicus: ?? stab
  1949 | D:5      | beem: stabbing[1/5]: A stab with a short blade does
                  | increased damage: (dam+bonus)*mult, where bonus depends on
                  | dex and stealth/weapon skills and is capped at 30, and mult
                  | depends on your stealth/weapon skills and the type of stab
                  | (sleep/paralysis is best). Non-short blades don't get a
                  | bonus and have lower mult. Daggers get bonus doubled (but
                  | still capped at 30).
  1961 | D:5      | Noticed an ice beast
  1971 | D:5      | Slain by an ice beast

Illustrated notes

Levels and vault maps discovered:
D:1:      moated_graveyard_arrival, layout_rooms
D:2:      layout_basic, lemuel_round_altar
D:3:      layout_basic
D:4:      layout_basic
D:5:      layout_gridville, minmay_diced_spiral

Skill      XL: |  1  2  3  4  5  6 |
---------------+-------------------+-----
Spellcasting   | 2 |  2.1
Stealth        | 3 |  3.1
Short Blades   | 2 |  2.1
Earth Magic    | 5 6 |  6.1
Evocations     | 2 5 |  5.1
Dodging        | |  2.4
Transmutations | |  0.8

Action                   |  1- 3 |  4- 6 || total
-------------------------+-------+-------++-------
Melee: Dagger            |    48 |    37 ||    85
 Cast: Sandblast         |    31 |    37 ||    68
       Passwall          |     3 |    19 ||    22
  Use: Scroll            |       |     2 ||     2
       Potion            |       |     1 ||     1
 Stab: Sleeping          |     4 |     4 ||     8
Armor: Robe              |     6 |       ||     6
       Leather armour    |     2 |     8 ||    10
Dodge: Dodged            |    38 |    22 ||    60

Table legend: (Time is in decaauts)
 A = Elapsed time spent in this place.
 B = Non-inter-level travel time spent in this place.
 C = Inter-level travel time spent in this place.
 D = Time resting spent in this place.
 E = Time spent auto-exploring this place.
 F = Levels seen in this place.
 G = Mean time per level.
                   A        B        C        D        E       F      G
               +--------+--------+--------+--------+--------+-----+--------+
         Total |   1963 |   1924 |     39 |      0 |      0 |   5 |  392.6 |
       Dungeon |   1963 |   1924 |     39 |      0 |      0 |   5 |  392.6 |
               +--------+--------+--------+--------+--------+-----+--------+

Top non-repeatable levels by time:
     D:3: 514 daAuts
     D:4: 507 daAuts
     D:2: 450 daAuts
     D:1: 416 daAuts
     D:5: 74 daAuts

Table legend:
 A = Kills in this place as a percentage of kills in entire the game.
 B = Kills by you in this place as a percentage of kills by you in the entire game.
 C = Kills by friends in this place as a percentage of kills by friends in the entire game.
 D = Other kills in this place as a percentage of other kills in the entire game.
 E = Experience gained in this place as a percentage of experience gained in the entire game.
 F = Experience gained in this place divided by the number of levels of this place that you have seen.
                   A       B       C       D       E      F
               +-------+-------+-------+-------+-------+----------------------
         Total | 100.0 | 100.0 |   N/A |   N/A | 100.0 | 100.6
       Dungeon | 100.0 | 100.0 |   N/A |   N/A | 100.0 | 100.6
               +-------+-------+-------+-------+-------+----------------------
